cohdb
Replays
Latest Replays
All Replays
Popular Replays
Top Player Replays
Match Explorer
How It Works
Community
CoH3 Stats
Reddit
Sign in to upload your games and track your stats! →
Sign in with Steam
Match 41721957
Unlisted
Match 41721957
Overview
Messages
Build Orders
End
Kettenkrad Recon Vehicle
Construct Infanterie Kompanie
Grenadier Squad
Selects Breakthrough Battlegroup
Selects Assault Grenadiers
Grenadier Squad
MG 42 Machine Gun Team
Construct Luftwaffe Kompanie
221 Scout Car
Jäger Squad
Jäger Squad
Support Elements
Jäger Squad
Wirbelwind Flakpanzer
Selects Rapid Production
Selects Blitzkrieg
Jäger Squad
Wirbelwind Flakpanzer
Pioneer Squad
Jäger Squad
Marder III M Tank Destroyer
Pioneer Squad
Marder III M Tank Destroyer
Marder III M Tank Destroyer
Blitzkrieg
Selects Tiger Heavy Tank
Tiger Heavy Tank
Blitzkrieg
Daniel
SpoSadiK
ShoulderGuy
Pinhead Larry
0
0
Comments
sign in to comment!
No comments posted yet!